 Dungeon Crawl Stone Soup version 0.26-a0-660-gc07710193c (console) character file.

Game seed: 1572075185599568937

44 om the Firebug (level 3, -4/21 HPs)
             Began as an Octopode Fire Elementalist on Oct 5, 2020.
             Slain by Terence
             ... wielding a +0 hand axe
              (6 damage)
             ... on level 1 of the Dungeon.
             The game lasted 00:03:15 (1606 turns).

om the Firebug (Octopode Fire Elementalist)         Turns: 1606, Time: 00:03:16

Health: -4/21      AC:  1    Str:  8    XL:     3   Next: 60%
Magic:  0/6        EV: 13    Int: 17    God:
Gold:   34         SH:  0    Dex: 12    Spells: 5/6 levels left

rFire    . . .     SeeInvis .   e - +0 dagger
rCold    . . .     Faith    .   (no shield)
rNeg     . . .     Spirit   .   (helmet restricted)
rPois    .         Reflect  .   (no amulet)
rElec    .         Harm     .   (no ring)
rCorr    .         Rampage  .   (no ring)
MR       .....                  (no ring)
Stlth    +++.......             (no ring)
HPRegen  0.07/turn              (no ring)
MPRegen  0.10/turn              (no ring)
                                (no ring)
                                (no ring)

@: no status effects
A: almost no armour, stealthy swim, amphibious, 8 rings, constrict 8, camouflage
1, gelatinous body 1
a: no special abilities


You were on level 1 of the Dungeon.
You visited 1 branch of the dungeon, and saw 2 of its levels.

You collected 34 gold pieces.

Inventory:

Hand Weapons
 e - a +0 dagger (weapon)
Scrolls
 a - a scroll of identify {unknown}
 b - a scroll of blinking {unknown}
 c - a scroll of random uselessness {unknown}
 g - a scroll of remove curse {unknown}
Potions
 d - a potion of brilliance {unknown}
 f - 2 potions of curing


   Skills:
 + Level 2.3 Dodging
 - Level 3.0 Stealth
 + Level 2.2 Spellcasting
 * Level 2.1 Conjurations
 * Level 3.5 Fire Magic


You had 5 spell levels left.
You knew the following spells:

 Your Spells              Type           Power        Failure   Level
a - Foxfire               Conj/Fire      ##..         6%          1

Your spell library contained the following spells:

 Spells                   Type           Power        Failure   Level
 Conjure Flame            Conj/Fire      ##......     19%         3
 Inner Flame              Hex/Fire       #.......     28%         3
 Sticky Flame             Conj/Fire      ##......     52%         4
 Fireball                 Conj/Fire      ##........   86%         5


Dungeon Overview and Level Annotations

Branches:
Dungeon (2/15)

Altars:

Annotations:
D:1 Terence


Innate Abilities, Weirdness & Mutations

You cannot wear most types of armour.
You are very stealthy in the water. (Stealth+)
You are amphibious.
You can wear up to eight rings at the same time.
You can use your tentacles to constrict eight enemies at once.
Your skin changes colour to match your surroundings (Stealth+).
Your rubbery body absorbs attacks. (AC +1, EV +1)


Message History

Terence is moderately wounded.
Terence shouts, "Now you die!"
Casting: Foxfire (safe; 6% risk of failure)
Confirm with . or Enter, or press ? or * to list all spells.
You conjure some foxfire!
Terence barely misses you.
Your foxfire dissipates!
The foxfire hits Terence but does no damage.
Terence is moderately wounded.
Your magical contamination has completely faded away.
Terence screams, "I'm going to kill you!"
It was a potion of curing.
You feel better. Terence hits you with a +0 hand axe.
* * * LOW HITPOINT WARNING * * *
You hit Terence but do no damage. Your grab misses Terence.
Terence is moderately wounded.
Terence hits you with a +0 hand axe.
* * * LOW HITPOINT WARNING * * *
Casting: Foxfire (safe; 6% risk of failure)
Confirm with . or Enter, or press ? or * to list all spells.
You conjure some foxfire!
Terence hits you with a +0 hand axe.
You die...

#.# #####.#.#...))##.≈
##.###.....#.......##..
#..........#.......##.#
##.###.###..#...........
#..#.....#..#....#######
#..#.>...#..#....##.....
#..................)....
#..#.....#..#######...)(
#..#.....#.#.≈≈≈≈≈≈≈≈≈≈.
#..###v###...≈######♣##'
#......@@..#.≈#..8#≈♣≈#'
#.#.....v#...≈#...##8##.
#........#.#.≈#...'.....
###.####...#.≈#...###8#'
#..........≈#8.8##♣##'
#..........≈##'##♣≈...
#..........≈≈#.##♣....
#..........###.8#.....
#..........#≈#.##...≈♣
#..........#♣8.''...♣8
##^.......##≈#.##...≈♣


You could see Terence.

Vanquished Creatures
  2 oozes (D:1)
  A dart slug (D:1)
  A bat zombie (D:1)
  A giant cockroach (D:1)
  7 goblins (D:1)
  4 hobgoblins (D:1)
  3 jackals (D:1)
  A ball python (D:1)
  A bat (D:1)
  2 frilled lizards (D:1)
  A jackal zombie (D:1)
  6 kobolds (D:1)
  3 rats (D:1)
33 creatures vanquished.

Vanquished Creatures (others)
  72 foxfires
  A plant (D:1)
73 creatures vanquished.

Grand Total: 106 creatures vanquished

Notes
Turn   | Place    | Note
-------+----------+-------------------------------------------
     0 | D:1      | om the Octopode Fire Elementalist began the quest for the
                  | Orb.
     0 | D:1      | Reached XP level 1. HP: 11/11 MP: 3/3
   431 | D:1      | Reached XP level 2. HP: 17/17 MP: 0/5
   856 | D:1      | Reached XP level 3. HP: 21/21 MP: 2/6
  1583 | D:2      | Noticed Terence
  1606 | D:1      | Slain by Terence

Illustrated notes

Levels and vault maps discovered:
D:1:      saegor_arrival_fortress, layout_basic, serial_bayou_pond_e,
          st_stairs_3
D:2:      layout_basic, uniq_terence

Skill      XL: |  1  2  3 |
---------------+----------+-----
Stealth        | 3 |  3.0
Conjurations   | 2 |  2.1
Dodging        | |  2.3
Spellcasting   | |  2.2
Fire Magic     | |  3.5

Action                   || total
-------------------------++-------
Melee: Unarmed           ||    31
       Tentacles         ||     7
       Constrict         ||     9
       Dagger            ||     5
 Cast: Foxfire           ||    47
  Use: Potion            ||     1
 Stab: Sleeping          ||     3
Armor: Skin              ||     7
Dodge: Dodged            ||    32

Table legend: (Time is in decaauts)
 A = Elapsed time spent in this place.
 B = Non-inter-level travel time spent in this place.
 C = Inter-level travel time spent in this place.
 D = Time resting spent in this place.
 E = Time spent auto-exploring this place.
 F = Levels seen in this place.
 G = Mean time per level.
                   A        B        C        D        E       F      G
               +--------+--------+--------+--------+--------+-----+--------+
         Total |   1605 |   1559 |     46 |    702 |    615 |   2 |  802.5 |
       Dungeon |   1605 |   1559 |     46 |    702 |    615 |   2 |  802.5 |
               +--------+--------+--------+--------+--------+-----+--------+

Top non-repeatable levels by time:
     D:1: 1599 daAuts
     D:2: 6 daAuts
